AoeStats
← Volt Br8765

Hill Fort

505019720Analyzed
4v4 RM · 24d ago on Sep 7, 2026· 53m 19s· 8 players
Game mode
Random Map
Map size
Large (8 player)
Population
200
Speed
Normal
Resources
Standard
Victory
Conquest
Starting age
Dark Age
Ending age
Imperial Age
RankedLock teamsTeams togetherTeam positionsShared explorationLock speedFull tech treeHidden civsTurbo modeCheats
Victory
Defeat
1125
+14
🇨🇳 Burgundians · China
1117
+14
🇬🇧 Jurchens · United Kingdom
1088
+15
🇨🇿 Malians · Czechia
1046
+49
🇻🇳 Magyars · Vietnam
1139
-17
🇻🇳 Italians · Vietnam
1086
-16
🇨🇳 Britons · China
1038
-14
🇧🇷 Vietnamese · Brazil
1031
-13
northern_monk
10:46 Feudal Age
Bz-8168948
11:26 Feudal Age
10:28 Double-Bit Axe
15:51 Castle Age
14:36 Bow Saw
14:33 Horse Collar
17:42 Heavy Plow
21:03 Wheelbarrow
25:00 Hand Cart
26:02 Forging
25:58 Scale Barding Armor
26:01 Cavalier
26:43 Husbandry
28:02 Iron Casting
29:47 Chain Barding Armor
31:17 Gold Mining
31:17 Stone Mining
32:33 Two-Man Saw
37:12 Imperial Age
37:41 Gold Shaft Mining
37:41 Stone Shaft Mining
38:39 Plate Barding Armor
39:05 Blast Furnace
39:20 Paladin
45:42 Burgundian Vineyards
46:01 Conscription
follow the white rabbit Δ
3:19 Loom
12:28 Feudal Age
12:50 Horse Collar
15:18 Double-Bit Axe
15:38 Man-at-Arms
21:59 Wheelbarrow
22:36 Town Watch
23:00 Double-Bit Axe
24:46 Stone Mining
28:11 Castle Age
29:34 Capped Ram
29:40 Pikeman
34:55 Ballistics
34:27 Fletching
34:38 Padded Archer Armor
35:46 Bloodlines
34:57 Light Cavalry
41:41 Imperial Age
43:23 Chemistry
42:21 Bodkin Arrow
42:41 Leather Archer Armor
45:54 Hand Cart
46:24 Heavy Plow
47:26 Elite Kipchak
49:17 Conscription
50:00 Cuman Mercenaries
54:15 Hoardings
jmeno
9:48 Feudal Age
14:59 Castle Age
13:51 Double-Bit Axe
16:51 Loom
19:10 Wheelbarrow
22:06 Scale Mail Armor
25:21 Chain Mail Armor
26:23 Bow Saw
26:08 Elite Skirmisher
28:26 Hand Cart
31:43 Fletching
35:59 Imperial Age
35:13 Bodkin Arrow
35:29 Forging
37:09 Elite Gbeto
38:10 Conscription
38:27 Plate Mail Armor
38:33 Iron Casting
43:10 Padded Archer Armor
44:16 Chemistry
46:14 Town Watch
46:49 Farimba
47:09 Bloodlines
46:20 Cavalier
47:16 Scale Barding Armor
47:31 Husbandry
48:43 Chain Barding Armor
52:03 Ballistics
Volt Br8765
8:38 Loom
10:24 Feudal Age
11:49 Double-Bit Axe
11:48 Horse Collar
26:16 Castle Age
28:24 Husbandry
36:43 Bloodlines
haulway
10:49 Feudal Age
11:27 Double-Bit Axe
12:23 Horse Collar
18:22 Castle Age
16:37 Gold Mining
18:14 Fletching
19:46 Gold Shaft Mining
19:16 Heavy Plow
19:37 Loom
21:34 Padded Archer Armor
20:55 Crossbowman
29:14 Bodkin Arrow
29:52 Stone Mining
31:46 Wheelbarrow
31:35 Leather Archer Armor
34:12 Ballistics
35:23 Pikeman
36:04 Squires
35:49 Gambesons
40:08 Imperial Age
38:49 Hand Cart
39:07 Forging
39:02 Scale Barding Armor
38:59 Scale Mail Armor
39:33 Masonry
41:23 Bracer
41:54 Ring Archer Armor
41:31 Murder Holes
41:50 Warwolf
42:48 Conscription
44:36 Bow Saw
44:23 Halberdier
45:22 Chain Mail Armor
45:42 Iron Casting
49:23 Two-Man Saw
49:16 Plate Mail Armor
49:46 Blast Furnace
54:07 Conscription
Xin đừng đánh em
10:39 Feudal Age
11:57 Double-Bit Axe
18:03 Wheelbarrow
22:05 Castle Age
20:19 Fletching
20:30 Padded Archer Armor
22:23 Crossbowman
24:05 Bodkin Arrow
25:47 Hand Cart
25:46 Bow Saw
26:02 Gold Mining
26:50 Loom
26:51 Town Watch
30:53 Leather Archer Armor
31:45 Horse Collar
35:43 Imperial Age
33:29 Town Patrol
33:56 Ballistics
33:48 Thumb Ring
37:29 Chemistry
37:50 Bracer
38:21 Ring Archer Armor
38:05 Arbalester
44:02 Conscription
44:53 Pirotechnia
45:46 Forging
45:36 Scale Mail Armor
45:00 Pikeman
45:40 Squires
48:08 Iron Casting
48:42 Chain Mail Armor
51:03 Heavy Plow
Nghĩa Phan Xá
11:30 Feudal Age
15:34 Castle Age
14:02 Double-Bit Axe
14:49 Horse Collar
17:04 Bow Saw
16:56 Heavy Plow
19:20 Fletching
23:32 Bodkin Arrow
23:38 Padded Archer Armor
25:53 Gold Mining
26:56 Leather Archer Armor
33:26 Imperial Age
32:02 Ballistics
32:35 Loom
33:25 Wheelbarrow
32:58 Thumb Ring
34:07 Husbandry
34:17 Bloodlines
33:29 Light Cavalry
34:19 Bracer
34:49 Ring Archer Armor
34:49 Conscription
39:05 Gold Shaft Mining
39:50 Ring Archer Armor
39:21 Heavy Cavalry Archer
40:27 Parthian Tactics
40:39 Scale Barding Armor
41:20 Corvinian Army
42:05 Chain Barding Armor
42:13 Stone Mining
43:08 Elite Magyar Huszar
48:39 Plate Barding Armor
51:53 Masonry
53:25 Recurve Bow
Connection lost

Rejoining the realm…

Still unreachable

The connection could not be restored.

Session expired

The server has moved on; the page needs a fresh start.